 Dungeon Crawl Stone Soup version 0.30-a0-475-g03497ec522 (webtiles) character file.

Game seed: 16162584071344227825

39228 zishaf the Fighter (level 13, -1/125 HPs)
             Began as a Demigod Wanderer on Dec 20, 2022.
             Slain by a death yak (9 damage)
             ... on level 4 of the Lair of Beasts.
             The game lasted 00:23:21 (21979 turns).

zishaf the Fighter (Demigod Wanderer)              Turns: 21979, Time: 00:23:21

Health: -1/125     AC: 22    Str: 20    XL:     13   Next: 34%
Magic:  0/16       EV:  7    Int: 13    God:
Gold:   1067       SH:  0    Dex: 27    Spells: 12/12 levels left

rFire   . . .      SeeInvis .    a - +8 whip of the Shoals {spect, rElec Str+2 Int+2 Stlth+}
rCold   . . .      Faith    .    (no shield)
rNeg    . . .      Spirit   +    r - +2 chain mail {rPois}
rPois   +          Reflect  .    (no helmet)
rElec   +          Harm     .    h - +1 cloak
rCorr   .          Rampage  .    j - +0 pair of gloves
Will    +....                    E - +0 pair of boots
Stlth   +.........               C - amulet of guardian spirit
HPRegen 0.40/turn                w - +4 ring of protection
MPRegen 0.15/turn                D - +4 ring of protection

@: about to teleport
A: high MP 1, forlorn, divine attributes
a: no special abilities


You were on level 4 of the Lair of Beasts.
You visited 2 branches of the dungeon, and saw 16 of its levels.

You collected 1388 gold pieces.
You spent 321 gold pieces at shops.

Inventory:

Hand Weapons
 a - the +8 whip of the Shoals (weapon) {spect, rElec Str+2 Int+2 Stlth+}
   (You found it on level 2 of the Dungeon)

   When its wielder attacks, the weapon's spirit leaps out and strikes again.
   The spirit shares a part of any damage it takes with its wielder.
   Str:       It affects your strength (+2).
   Int:       It affects your intelligence (+2).
   rElec:     It insulates you from electricity.
   Stlth:     It makes you more stealthy.
 b - a +1 vorpal longbow
 d - the +3 dagger of Taxation {freeze, Will+ SInv}
   (You found it on level 8 of the Dungeon)

   It freezes those it strikes, dealing additional cold damage.
   It can also slow down cold-blooded creatures.
   SInv:      It lets you see invisible.
   Will:      It increases your willpower.
 T - the +5 dire flail "Jahicsodu" {freeze, rPois rF+ Int-2 Dex+7}
   (You found it on level 3 of the Lair of Beasts)

   It freezes those it strikes, dealing additional cold damage.
   It can also slow down cold-blooded creatures.
   Int:       It affects your intelligence (-2).
   Dex:       It affects your dexterity (+7).
   rF:        It protects you from fire.
   rPois:     It protects you from poison.
Missiles
 L - 2 throwing nets
Armour
 h - a +1 cloak (worn)
 j - a +0 pair of gloves (worn)
 r - a +2 chain mail of poison resistance (worn)
 E - a +0 pair of boots (worn)
Jewellery
 m - a ring of ice
 o - a +4 ring of evasion
 w - a +4 ring of protection (left hand)
 C - an amulet of guardian spirit (around neck)
 D - a +4 ring of protection (right hand)
 F - a ring of flight
 G - an amulet of reflection
 Q - a ring of fire
 V - a ring of see invisible
Wands
 s - a wand of mindburst (16)
 v - a wand of digging (3)
 x - a wand of polymorph (9)
 M - a wand of charming (17)
 P - a wand of light (11)
 R - a wand of flame (18)
 W - a wand of iceblast (11)
Scrolls
 c - a scroll of blinking
 e - 2 scrolls of teleportation
 y - 6 scrolls of magic mapping
 A - 2 scrolls of fog
 B - 4 scrolls of identify
 I - 3 scrolls of enchant armour
 K - a scroll of fear
 N - a scroll of silence
 S - 3 scrolls of brand weapon
Potions
 f - 3 potions of lignification
 g - 7 potions of flight
 i - 4 potions of brilliance
 k - 2 potions of resistance
 l - 15 potions of curing
 n - 2 potions of heal wounds
 p - 4 potions of mutation
 q - 3 potions of haste
 t - a potion of invisibility
 u - 4 potions of might
 z - a potion of ambrosia
 J - 2 potions of berserk rage
 O - 2 potions of magic
 U - a potion of attraction
Miscellaneous
 H - a phial of floods


   Skills:
 + Level 14.7 Fighting
 + Level 14.5 Ranged Weapons
 - Level 1.0 Armour
 - Level 4.5 Stealth
 - Level 8.0 Evocations


You had 12 spell levels left.
You didn't know any spells.
Your spell library contained the following spells:

 Spells                   Type           Power      Damage    Failure   Level
 Beastly Appendage        Tmut           0%         N/A       98%         1
 Kiss of Death            Conj/Necr      0%         2d5       98%         1
 Magic Dart               Conj           0%         1d3       98%         1
 Slow                     Hex            0%         N/A       98%         1
 Cigotuvi's Dreadful Rot  Necr/Pois/Air  0%         N/A       99%         2
 Ensorcelled Hibernation  Hex/Ice        0%         N/A       99%         2
 Passwall                 Tmut/Erth      0%         N/A       99%         2
 Searing Ray              Conj           0%         2d4       99%         2
 Static Discharge         Conj/Air       0%         2-2/arc   99%         2
 Wereblood                Tmut           0%         N/A       99%         2
 Call Canine Familiar     Summ           0%         N/A       100%        3
 Confusing Touch          Hex            0%         N/A       100%        3
 Dazzling Flash           Conj/Hex       0%         N/A       100%        3
 Ignite Poison            Fire/Tmut/Pois 0%         N/A       100%        3
 Mephitic Cloud           Conj/Pois/Air  0%         N/A       100%        3
 Portal Projectile        Hex/Tloc       0%         N/A       100%        3
 Spider Form              Tmut/Pois      0%         N/A       100%        3
 Swiftness                Air            0%         N/A       100%        3
 Tukima's Dance           Hex            0%         N/A       100%        3
 Vampiric Draining        Necr           0%         2d6       100%        3
 Vhi's Electric Charge    Tloc/Air       0%         N/A       100%        3
 Airstrike                Air            0%         2d(0-16)  100%        4
 Animate Armour           Summ/Erth      0%         N/A       100%        4
 Dispel Undead            Necr           0%         3d6       100%        4
 Fulminant Prism          Conj/Hex       0%         3d5       100%        4
 Iskenderun's Mystic Bla  Conj/Tloc      0%         2d3       100%        4
 Leda's Liquefaction      Hex/Erth       0%         N/A       100%        4
 Manifold Assault         Tloc           0%         N/A       100%        4
 Olgreb's Toxic Radiance  Pois           0%         N/A       100%        4
 Passage of Golubria      Tloc           0%         N/A       100%        4
 Sticky Flame             Conj/Fire      0%         2d3       100%        4
 Summon Lightning Spire   Summ/Air       0%         N/A       100%        4
 Arcjolt                  Conj/Air       0%         1d10      100%        5
 Blade Hands              Tmut           0%         N/A       100%        5
 Lightning Bolt           Conj/Air       0%         1d11      100%        5
 Silence                  Hex/Air        0%         N/A       100%        5
 Dispersal                Tloc           0%         N/A       100%        6
 Eringya's Noxious Bog    Tmut/Pois      0%         N/A       100%        6
 Iron Shot                Conj/Erth      0%         9d1       100%        6
 Starburst                Conj/Fire      0%         6d3       100%        6
 Ozocubu's Refrigeration  Ice            0%         4d7       100%        7
 Disjunction              Tloc           0%         N/A       100%        8
 Ignition                 Fire           0%         3d3       100%        8
 Lehudib's Crystal Spear  Conj/Erth      0%         10d2      100%        8


Dungeon Overview and Level Annotations

Branches:
Dungeon (12/15)            Temple (0/1) D:6            Lair (4/5) D:8
 Shoals (0/4) Lair:3        Snake (0/4) Lair:3          Orc (0/2) D:12
  Slime: Lair:4-5

Shops:
D:8 !   D:9 !   D:12 =


Innate Abilities, Weirdness & Mutations

You have an increased reservoir of magic. (+10% MP)
You shall have no god before yourself.
Your divine heritage dramatically boosts your attributes as you level up.


Message History

Your spectral weapon shares its damage with you!
* * * LOW HITPOINT WARNING * * *
You whack the death yak!
The death yak is heavily wounded.
Your +8 whip of the Shoals {spect, rElec Str+2 Int+2 Stlth+} hits the death yak!
The death yak gores you!
* * * LOW HITPOINT WARNING * * *
You whack the death yak!
The death yak is severely wounded.
Your +8 whip of the Shoals {spect, rElec Str+2 Int+2 Stlth+} hits the death yak.
The death yak gores your +8 whip of the Shoals {spect, rElec Str+2 Int+2 Stlth+}!
Your spectral weapon shares its damage with you!
Your +8 whip of the Shoals {spect, rElec Str+2 Int+2 Stlth+} fades away.
* * * LOW HITPOINT WARNING * * *
You feel much better.
You hit the death yak.
The death yak is lightly wounded.
The death yak gores you but does no damage.
The death yak gores you!
* * * LOW HITPOINT WARNING * * *
The death yak gores you but does no damage.
You hit the death yak.
The death yak is almost dead.
Your +8 whip of the Shoals {spect, rElec Str+2 Int+2 Stlth+} hits the death yak.
The death yak misses your +8 whip of the Shoals {spect, rElec Str+2 Int+2 Stlth+}.
The death yak gores you!
* * * LOW HITPOINT WARNING * * *
The death yak attacks as you move away! The death yak gores you!
* * * LOW HITPOINT WARNING * * *
The death yak attacks as you move away! The death yak barely misses you.
As you read the scroll of teleportation, it crumbles to dust.
You feel strangely unstable. The death yak gores you.
* * * LOW HITPOINT WARNING * * *
The death yak closely misses you. The death yak attacks as you move away!
The death yak gores you but does no damage.
The death yak attacks as you move away!
The death yak gores you but does no damage.
The death yak attacks as you move away! The death yak gores you!
You die...

......#Y........##
#.P##...##.....##
#..#.##..#...###
##.######..###
##..# ##...######
#### ###Y.....####
##.Y......#
#.YYP.#.## ##.Y@.#
# ##...#### ###
#..#.#.# ..###
#......# ....#
###....## ....##
##.....# .....##
###....### ......#
#P.......## ....#.
#####......#.#


You could see 3 death yaks and 2 yaks.

Vanquished Creatures
  A hydra (Lair:2)
  A catoblepas (D:10)
  8 two-headed ogres
  4 death yaks
  Lodul (D:10)
  Pikel (D:5)
  A deep elf pyromancer (D:7)
  A manticore (D:11)
  4 cyclopes
  A merfolk siren (Lair:3)
  4 elephants (Lair:4)
  3 black mambas
  A guardian serpent (D:12)
  3 cane toads
  3 unseen horrors (D:12)
  A rime drake (Lair:2)
  Psyche (D:8)
  5 komodo dragons
  3 trolls
  A hornet (D:9)
  10 blink frogs
  6 slime creatures
  8 dream sheep (Lair:4)
  5 wyverns
  3 basilisks
  43 yaks
  2 vampires (D:12)
  3 wraiths
  Eustachio (D:5)
  A steam dragon (D:4)
  A vampire mosquito (D:7)
  Edmund (D:4)
  An acid dragon (D:7)
  12 water moccasins
  5 orc warriors
  5 ice beasts
  Duvessa (D:5)
  4 sky beasts
  A black bear (D:8)
  4 wolves (Lair:1)
  8 ogres
  5 centaurs
  3 lemures
  3 kobold brigands
  Blork the orc (D:4)
  9 bullfrogs
  4 scorpions
  3 necrophages
  8 wights
  Dowan (D:5)
  16 killer bees
  2 electric eels (Lair:2)
  2 howler monkeys (D:7)
  2 hounds
  3 jellies
  2 gnoll boudas
  6 orc priests
  Terence (D:2)
  4 iguanas
  10 orc wizards
  4 hell rats (Lair:1)
  4 adders
  5 gnolls (D:10)
  2 white imps
  2 ufetubi
  A worm (D:3)
  A dart slug (D:3)
  37 orcs
  6 bats
  4 endoplasms
  2 giant cockroaches
  6 hobgoblins
  6 jackals (D:1)
  A quokka (D:1)
  6 ball pythons
  2 frilled lizards
  7 goblins
  13 kobolds
  4 rats
371 creatures vanquished.

Vanquished Creatures (others)
  41 fungi
  46 plants
87 creatures vanquished.

Grand Total: 458 creatures vanquished

Notes
Turn   | Place    | Note
-------+----------+-------------------------------------------
     0 | D:1      | zishaf the Demigod Wanderer began the quest for the Orb.
     0 | D:1      | zishaf set off with the following items: a +2 dagger, a
                  | scroll of blinking, a +0 sling, a +0 ring mail, a scroll of
                  | teleportation.
     0 | D:1      | Reached XP level 1. HP: 18/18 MP: 3/3
   268 | D:1      | Reached XP level 2. HP: 26/26 MP: 4/4
  1047 | D:2      | Identified the +8 whip of the Shoals {spect, rElec Str+2
                  | Int+2 Stlth+}
  1060 | D:2      | Noticed Terence
  1074 | D:2      | Killed Terence
  1075 | D:2      | Reached XP level 3. HP: 15/31 MP: 5/5
  1180 | D:2      | You fall into a shaft and drop 1 floor!
  2078 | D:3      | Reached XP level 4. HP: 32/40 MP: 6/6
  2717 | D:4      | Noticed Blork the orc
  2719 | D:4      | Noticed an ogre
  2725 | D:4      | Killed Blork the orc
  2726 | D:4      | Reached XP level 5. HP: 30/47 MP: 7/7
  2726 | D:4      | HP: 2/47 [ogre/+0 giant club (28)]
  2930 | D:4      | Noticed a steam dragon
  2940 | D:4      | Killed a steam dragon
  2941 | D:4      | Reached skill level 5 in Fighting
  2941 | D:4      | Reached XP level 6. HP: 42/56 MP: 8/8
  3226 | D:4      | Noticed Edmund
  3239 | D:4      | Killed Edmund
  3349 | D:4      | Reached skill level 5 in Ranged Weapons
  3416 | D:4      | Reached XP level 7. HP: 62/62 MP: 9/9
  3491 | D:5      | Entered Level 5 of the Dungeon
  3593 | D:5      | Noticed Pikel
  3804 | D:5      | Killed Pikel
  3878 | D:5      | Noticed Eustachio
  3889 | D:5      | Killed Eustachio
  3890 | D:5      | Reached XP level 8. HP: 51/73 MP: 10/10
  4275 | D:5      | Noticed Dowan
  4277 | D:5      | Noticed Duvessa
  4280 | D:5      | Killed Dowan
  4287 | D:5      | Killed Duvessa
  5363 | D:6      | Reached XP level 9. HP: 69/82 MP: 11/11
  5488 | D:6      | Found a staircase to the Ecumenical Temple.
  6791 | D:7      | Noticed a deep elf pyromancer
  6791 | D:7      | Noticed a two-headed ogre
  6792 | D:7      | Noticed a cyclops
  6792 | D:7      | Noticed a cyclops
  6816 | D:7      | Killed a two-headed ogre
  6817 | D:7      | Reached skill level 10 in Fighting
  6836 | D:7      | Killed a deep elf pyromancer
  6837 | D:7      | Reached XP level 10. HP: 56/93 MP: 11/13
  7047 | D:7      | Killed a cyclops
  7048 | D:7      | Reached skill level 10 in Ranged Weapons
  7611 | D:7      | Killed a cyclops
  8286 | D:8      | Identified the +3 dagger of Taxation {freeze, Will+ SInv}
  8601 | D:8      | Found Figibluss's Distillery.
  8645 | D:8      | Bought a potion of curing for 48 gold pieces
  8645 | D:8      | Bought a potion of heal wounds for 80 gold pieces
  8645 | D:8      | Bought a potion of mutation for 128 gold pieces
  8712 | D:8      | Found a staircase to the Lair.
  8728 | D:8      | Noticed Psyche
  8744 | D:8      | Killed Psyche
  9015 | D:8      | Noticed a two-headed ogre
  9025 | D:8      | Killed a two-headed ogre
  9217 | D:8      | Reached XP level 11. HP: 104/104 MP: 14/14
 10305 | D:9      | Found Bankarr's Distillery.
 10340 | D:9      | Bought a potion of berserk rage for 65 gold pieces
 10861 | D:10     | Entered Level 10 of the Dungeon
 11397 | D:10     | Noticed Lodul
 12197 | D:10     | Killed Lodul
 12198 | D:10     | Reached skill level 1 in Evocations
 12397 | Lair:1   | Entered Level 1 of the Lair of Beasts
 13625 | Lair:2   | Reached XP level 12. HP: 101/115 MP: 13/15
 13999 | Lair:2   | Noticed a four-headed hydra
 14006 | Lair:2   | Killed a four-headed hydra
 14438 | Lair:3   | Reached skill level 5 in Evocations
 14594 | Lair:3   | Identified the +5 dire flail "Jahicsodu" {freeze, rPois rF+
                  | Int-2 Dex+7}
 14962 | Lair:3   | Found a staircase to the Snake Pit.
 15289 | Lair:3   | Found a staircase to the Shoals.
 16789 | D:11     | Noticed a catoblepas
 17258 | D:10     | Killed a catoblepas
 18947 | D:12     | Reached XP level 13. HP: 91/124 MP: 11/16
 19051 | D:12     | Found a staircase to the Orcish Mines.
 19408 | D:12     | Found Riur's Jewellery Boutique.
 19549 | D:12     | Got the Enchiridion on the Atmosphere and Pestilence
 20646 | Lair:3   | Found a staircase to the Snake Pit.
 20743 | Lair:3   | Found a staircase to the Shoals.
 21127 | Lair:3   | Found a staircase to the Shoals.
 21979 | Lair:4   | Slain by a death yak

Illustrated notes

Levels and vault maps discovered:
D:1:      pf_arrival_petrified_forest, layout_basic,
          hellmonk_ecumenical_altar_slurped_away
D:2:      layout_rooms, uniq_terence
D:3:      corexii_shack_village, layout_basic, minmay_crystal_water
D:4:      layout_gridville, uniq_blork_the_orc, uniq_edmund
D:5:      layout_cave_pods, kennysheep_generic_room_14, uniq_pikel,
          uniq_eustachio, uniq_duvessa
D:6:      layout_basic, minmay_temple_entry_glassed_door,
          ebering_dispersal_statue_hall, grunt_ministairs_6
D:7:      minmay_the_grid_triangle_9x9_rhombus_full
          [minmay_the_grid_triangle_9x9_thin_v,
          minmay_the_grid_triangle_9x9_descending_squares,
          minmay_the_grid_triangle_9x9_wacky_v,
          minmay_the_grid_triangle_9x9_skeleton,
          minmay_the_grid_triangle_9x9_corruption,
          minmay_the_grid_triangle_9x9_shrine,
          minmay_the_grid_triangle_9x9_corrupted_corridor,
          minmay_the_grid_triangle_9x9_prize_center], layout_gridville
D:8:      cheibrodos_quashed, layout_layer_cave, due_lair_maze_entry_diamond,
          serial_shops, nicolae_shop_temple_entry_statues_fountains, uniq_psyche
D:9:      layout_loops_ring, serial_shops, nicolae_shop_hallway_plus
D:10:     layout_gridville, nemelex_xobeh_ov_fountains_minmay,
          minmay_misc_feat_rugged, uniq_lodul
D:11:     nzn_motion_control, layout_loops_corners
D:12:     layout_irregular_city, orc_0_dummy, serial_shops,
          nicolae_take_the_stairs, nrook_guardian_serpent_ordinary
Lair:1:   layout_hall_layers, lemuel_fruit_tree
Lair:2:   layout_gridlike, nicolae_lair_grove_arrangements
Lair:3:   layout_regular_city, elwin_shoals_entry_rooms, dummy_snake_entry
Lair:4:   layout_cave_pods, dreamdust_gnoll_shepherd

Skill      XL: |  1  2  3  4  5  6  7  8  9 10 11 12 13 |
---------------+----------------------------------------+-----
Fighting       | 3 4 5 7 8 10 11 13 14 | 14.7
Ranged Weapons | 2 3 4 5 6 8 9 11 12 14 | 14.5
Evocations     | 4 7 8 |  8.0
Armour         | |  1.0
Stealth        | |  4.5

Action                   |  1- 3 |  4- 6 |  7- 9 | 10-12 | 13-15 || total
-------------------------+-------+-------+-------+-------+-------++-------
Melee: Whip              |    10 |    29 |   206 |   696 |    94 ||  1035
       Punch             |       |       |       |    13 |     4 ||    17
 Fire: Sling             |   171 |    20 |     9 |       |       ||   200
       Longbow           |       |       |       |    72 |    32 ||   104
Evoke: Wand              |       |       |     2 |     1 |       ||     3
  Use: Scroll            |       |     9 |     8 |    11 |     1 ||    29
       Potion            |       |       |       |     4 |     1 ||     5
 Stab: Sleeping          |       |     2 |     1 |     2 |       ||     5
       Distracted        |       |     1 |     2 |    16 |     3 ||    22
       Invisible         |       |       |     3 |       |       ||     3
Armor: Ring mail         |    48 |     7 |       |       |       ||    55
       Chain mail        |       |     3 |   114 |   665 |    43 ||   825
Dodge: Dodged            |    76 |    19 |   101 |   263 |    23 ||   482

Table legend: (Time is in decaauts)
 A = Elapsed time spent in this place.
 B = Non-inter-level travel time spent in this place.
 C = Inter-level travel time spent in this place.
 D = Time resting spent in this place.
 E = Time spent auto-exploring this place.
 F = Levels seen in this place.
 G = Mean time per level.
                   A        B        C        D        E       F      G
               +--------+--------+--------+--------+--------+-----+--------+
         Total |  22262 |  21195 |   1067 |   2008 |  16141 |  16 | 1391.4 |
       Dungeon |  16321 |  15543 |    778 |   1637 |  11652 |  12 | 1360.1 |
          Lair |   5940 |   5652 |    288 |    371 |   4489 |   4 | 1485.0 |
               +--------+--------+--------+--------+--------+-----+--------+

Top non-repeatable levels by time:
     D:8: 2555 daAuts
    D:10: 2199 daAuts
  Lair:3: 2110 daAuts
     D:7: 1906 daAuts
  Lair:4: 1786 daAuts
    D:11: 1536 daAuts
     D:5: 1234 daAuts
    D:12: 1176 daAuts
     D:6: 1088 daAuts
  Lair:2: 1080 daAuts
     D:3: 1067 daAuts
     D:4: 1065 daAuts
     D:1: 1057 daAuts
  Lair:1: 962 daAuts
     D:9: 929 daAuts
